 Dungeon Crawl Stone Soup version 0.19.5 (webtiles) character file.

46 Haldmier the Ogre Mage (level 3, 0/35 HPs)
             Began as an Ogre Wizard on May 13, 2017.
             Slain by a giant cockroach (1 damage)
             ... on level 2 of the Dungeon.
             The game lasted 00:06:38 (1750 turns).

Haldmier the Ogre Mage (Ogre Wizard)                Turns: 1750, Time: 00:06:38

Health: 0/35       AC:  3    Str: 13    XL:     3   Next: 68%
Magic:  8/8        EV: 10    Int: 17    God:
Gold:   37         SH:  0    Dex:  8    Spells: 4 memorised, 2 levels left

rFire  . . .     SeeInvis .     s - +0 whip
rCold  . . .     Gourm    .     a - +0 robe
rNeg   . . .     Faith    .     (no shield)
rPois  .         Spirit   .     b - +0 hat
rElec  .         Reflect  .     (no cloak)
rCorr  .         Harm     .     (gloves unavailable)
MR     .....                    (boots unavailable)
Stlth  +.........               (no amulet)
                                (no ring)
                                (no ring)

@: lethally poisoned (0 -> -2), flying
A: unfitting armour, tough skin 1
a: no special abilities


You were on level 2 of the Dungeon.
You were hungry.

You visited 1 branch of the dungeon, and saw 2 of its levels.

You collected 37 gold pieces.

Inventory:

Hand Weapons
 q - a +1 vampiric dagger
 s - a +0 whip (weapon)
Missiles
 p - 2 large rocks (quivered)
Armour
 a - a +0 robe (worn)
 b - a +0 hat (worn)
Jewellery
 f - a +2 ring of evasion {unknown}
 i - an uncursed ring of wizardry {unknown}
Scrolls
 e - a scroll of noise {unknown}
 j - a scroll of remove curse {unknown}
 n - a scroll of random uselessness {unknown}
Books
 c - a book of Minor Magic

   Spells                             Type                      Level
   a - Magic Dart                     Conjuration                  1
   b - Blink                          Translocation                2
   c - Call Imp                       Summoning                    2
   d - Repel Missiles                 Charms/Air                   2
   e - Slow                           Hexes                        2
   f - Conjure Flame                  Conjuration/Fire             3
   g - Mephitic Cloud                 Conjuration/Poison/Air       3
Comestibles
 d - a bread ration
 g - 2 slices of pizza
 l - 2 royal jellies
 m - a beef jerky
 o - a meat ration


   Skills:
 + Level 2.1 Fighting
 * Level 1.5 Maces & Flails
 - Level 1.7 Dodging
 - Level 1.4 Stealth
 + Level 4.0 Spellcasting
 + Level 1.1 Conjurations
 + Level 0.8 Summonings
 + Level 0.9 Translocations
 + Level 0.0 Air Magic
 + Level 0.1 Poison Magic


You had 2 spell levels left.
You knew the following spells:

 Your Spells              Type           Power        Failure   Level  Hunger
a - Magic Dart            Conj           #...         12%         1    None
b - Blink                 Tloc           N/A          21%         2    ##.....
c - Call Imp              Summ           #.......     21%         2    ##.....
d - Mephitic Cloud        Conj/Pois/Air  #.......     47%         3    ###....


Dungeon Overview and Level Annotations

Branches:
Dungeon (2/15)

Altars:

Annotations:
D:1 Terence


Innate Abilities, Weirdness & Mutations

You are too large for most types of armour.
You have tough skin. (AC +1)


Message History

You barely miss the giant cockroach. The giant cockroach barely misses you.
The giant cockroach closely misses you.
You hit the giant cockroach but do no damage.
* * * LOW HITPOINT WARNING * * *
You feel sick. The giant cockroach barely misses you.
You take 1 damage, and have 3/35 hp.
MP restored: 8 A dart slug comes into view.
The giant cockroach barely misses you.
Found a stone staircase leading down.
An adder comes into view.
A frilled lizard comes into view.
* * * LOW HITPOINT WARNING * * *
You feel sick.
The frilled lizard hisses angrily.
The dart slug launches a dart at you. The slug dart hits you!
* * * LOW HITPOINT WARNING * * *
The giant cockroach bites you.
You die...

#. #..
#w# ..
#.# ..
#.# . #.#
.#
#.###.#
##.#...#
#...<#
#@s###
#.....##
#.......#
........#
.l.?....#
##.###S..
#. .>.# #
####


You could see an adder, a dart slug, a giant cockroach and a frilled lizard.

Vanquished Creatures
  An adder (D:2)
  An ooze (D:1)
  2 dart slugs (D:1)
  A leopard gecko (D:1)
  2 giant cockroaches
  4 goblins
  3 hobgoblins (D:1)
  5 kobolds
  4 bats
  2 frilled lizards (D:1)
  2 rats (D:1)
27 creatures vanquished.

Notes
Turn   | Place    | Note
-------+----------+-------------------------------------------
     0 | D:1      | Haldmier the Ogre Wizard began the quest for the Orb.
     0 | D:1      | Reached XP level 1. HP: 16/16 MP: 5/5
    63 | D:1      | Reached skill level 1 in Fighting
   247 | D:1      | Reached XP level 2. HP: 27/27 MP: 0/6
   535 | D:1      | Learned a level 2 spell: Blink
   538 | D:1      | Learned a level 2 spell: Call Imp
   768 | D:1      | Reached XP level 3. HP: 35/35 MP: 2/8
   846 | D:1      | Reached skill level 1 in Maces & Flails
  1281 | D:2      | Learned a level 3 spell: Mephitic Cloud
  1357 | D:2      | Reached skill level 4 in Spellcasting
  1357 | D:2      | Reached skill level 1 in Conjurations
  1498 | D:2      | Noticed Terence
  1750 | D:2      | HP: 1/35 [dart slug/slug dart (1)]
  1750 | D:2      | Slain by a giant cockroach

Skill      XL: |  1  2  3 |
---------------+----------+-----
Fighting       | 1 2 |  2.1
Maces & Flails | 1 |  1.5
Spellcasting   | 4 |  4.0
Conjurations   | 1 |  1.1
Dodging        | |  1.7
Stealth        | |  1.4
Summonings     | |  0.8
Translocations | |  0.9
Poison Magic   | |  0.1

Action                   || total
-------------------------++-------
Melee: Unarmed           ||    29
       Whip              ||    13
Throw: Large rock        ||     2
 Cast: Magic Dart        ||    63
       Mephitic Cloud    ||     1
  Use: Potion            ||     1
  Eat: Chunk             ||     2
Armor: Robe              ||    21
Dodge: Dodged            ||    36
